 Dungeon Crawl Stone Soup version 0.27-a0-998-g4cfe56dd59 (webtiles) character file.

Game seed: 15049428593785857884

4 spiderkeys the Insei (level 1, 0/15 HPs)
             Began as a Demonspawn Transmuter on Apr 17, 2021.
             Slain by a kobold
             ... wielding a +0 club
              (3 damage)
             ... on level 1 of the Dungeon.
             The game lasted 00:00:38 (289 turns).

spiderkeys the Insei (Demonspawn Transmuter)         Turns: 289, Time: 00:00:38

Health: 0/15       AC:  2    Str: 10    XL:     1   Next: 58%
Magic:  2/3        EV: 12    Int: 14    God:
Gold:   0          SH:  0    Dex: 13    Spells: 3/4 levels left

rFire    . . .     SeeInvis .     - Unarmed
rCold    . . .     Faith    .   (no shield)
rNeg     . . .     Spirit   .   a - +0 robe
rPois    .         Reflect  .   (helmet currently unavailable)
rElec    .         Harm     .   (no cloak)
rCorr    .         Rampage  .   (no gloves)
Will     .....                  (boots currently unavailable)
Stlth    +.........             (no amulet)
HPRegen  0.05/turn              (no ring)
MPRegen  0.08/turn              (no ring)

@: appendages
A: horns 2, talons 2
a: End Transformation


You were on level 1 of the Dungeon.
You had temporarily grown beastly horns and talons.
You visited 1 branch of the dungeon, and saw 1 of its levels.


Innate Abilities, Weirdness & Mutations

You have temporarily grown beastly horns and talons.


   Skills:
 + Level 1.1 Fighting
 + Level 1.8 Dodging
 + Level 2.7 Unarmed Combat
 + Level 2.0 Spellcasting
 + Level 1.8 Transmutations


You had 3 spell levels left.
You knew the following spells:

 Your Spells              Type           Power      Damage    Failure   Level
b - Beastly Appendage     Tmut           12%        N/A       11%         1

Your spell library contained the following spells:

 Spells                   Type           Power      Damage    Failure   Level
 Wereblood                Tmut           6%         N/A       17%         2
 Corona                   Hex            1%         N/A       24%         1
 Ensorcelled Hibernation  Hex/Ice        2%         N/A       34%         2
 Spider Form              Tmut/Pois      2%         N/A       43%         3
 Confusing Touch          Hex            1%         N/A       56%         3
 Dazzling Flash           Conj/Hex       2%         N/A       56%         3
 Tukima's Dance           Hex            1%         N/A       56%         3
 Ice Form                 Ice/Tmut       4%         N/A       85%         4
 Hydra Form               Tmut           3%         N/A       97%         5

Inventory:

Armour
 a - a +0 robe (worn)

Dungeon Overview and Level Annotations

Branches:
Dungeon (1/15)

Altars:
##......#######.# .....#...## #.# ♣♣ ♣#P ##.#...#..# #.# ♣P ...P #.#..###.# #.# PP.....

#.##..#..# #.####P......
#.......## #.##.K)K..§..
######.## #.##.#.......
##'## #.##K#P#..... ##...##
#.@K.#♣P ≈..P ##.....##
#.#### P♣ ♣♣♣ ##.......##
#.#.#####
###.........###..#..###.#.#
..'.........'...###...)....
###.........###..#......###
...#.>.....## ###.#######
##.##.....## #.# #.###...##
#.#


You could see 2 kobolds.


Message History

You open the door.
There is an open door here.
Key pressed, stopping explore.
You pick up a book of Maledictions and begin reading...
You add the spells Corona, Ensorcelled Hibernation, Confusing Touch, Tukima's Dance and Dazzling Flash to your library. 😎 HP[+4] MP[+1]
Your hp is fully restored (15).
Your mp is fully restored (3).
Key pressed, stopping explore.
You open the door.
There is an open door here.
You open the door.
There is an open door here. 3 kobolds come into view.
The kobold shouts!
The kobold moves out of view.
Okay, then. 2 kobolds come into view.
The kobold shouts! x2
The kobold throws a stone.
The stone closely misses you.
You hear an angry hiss.
The kobold throws a stone.
The stone completely misses you.
You grow a pair of large bovine horns.
Your feet morph into talons. 😎 MP[-1]
You lost 1 mp, and now have 2/3 mp.
No target in view!
No target in view!
No target in view!
Your transformation is almost over.
Something hits the bush but does no damage.
A kobold is nearby!
The kobold hits you with a +0 club. 😕 HP[-3]
You take 3 damage, and now have 12/15 hp.
You hit the kobold but do no damage. You claw the kobold.
You kill the kobold!
The kobold shouts!
You hear a shout!
You hear an angry hiss.
The kobold closely misses you.
The kobold hits the bush with a +0 club.
Things that are here:
a +0 club; 3 stones You barely miss the kobold.
You claw the kobold, but do no damage. Your headbutt misses the kobold.
The kobold hits you with a +0 dagger.
The kobold hits the plant with a +0 club.
The plant begins to die. 😮 HP[-3]
You take 3 damage, and now have 9/15 hp.
You are too injured to fight recklessly!
You are too injured to fight recklessly!
You are too injured to fight recklessly!
The kobold throws a stone.
The stone hits you.
The kobold hits the bush but does no damage. 😮 HP[-1]
You take 1 damage, and now have 8/15 hp.
You are too injured to fight recklessly!
The kobold barely misses you.
The kobold hits the plant with a +0 club.
The kobold hits the plant with a +0 whip.
Things that are here:
a +0 club; 3 stones You barely miss the kobold.
You headbutt the kobold. The kobold hits you but does no damage.
The kobold hits the bush but does no damage.
The kobold hits the plant with a +0 whip.
You closely miss the kobold. You claw the kobold, but do no damage.
A nearby plant withers and dies.
The kobold hits you with a +0 dagger.
* * * LOW HITPOINT WARNING * * *
😨 HP[-1]
You take 1 damage, and now have 7/15 hp.
You barely miss the kobold. Your kick misses the kobold.
You headbutt the kobold.
You kill the kobold!
The kobold completely misses you.
You closely miss the kobold. You claw the kobold.
The kobold closely misses you. The kobold hits you with a +0 whip.
* * * LOW HITPOINT WARNING * * *
😨 HP[-1]
You take 1 damage, and now have 6/15 hp.
You hit the kobold.
You kill the kobold!
Your horns disappear.
Your talons disappear.
The kobold hits you with a +0 club.
* * * LOW HITPOINT WARNING * * *
😨 HP[-2] MP[+1]
You take 2 damage, and now have 4/15 hp.
Your mp is fully restored (3).
You miss the kobold. The kobold closely misses you. x2
The kobold throws a stone.
The stone hits you.
* * * LOW HITPOINT WARNING * * *
😱 HP[-1]
You take 1 damage, and now have 3/15 hp.
The kobold throws a stone.
The stone closely misses you.
You aren't carrying any potions.
You are too injured to fight recklessly!
Casting: Beastly Appendage (safe; 11% risk of failure)
Confirm with . or Enter, or press ? or * to list all spells.
You grow a pair of large bovine horns.
Your feet morph into talons. 😱 MP[-1]
You lost 1 mp, and now have 2/3 mp.
The kobold hits you with a +0 club.
You die...

Action                   || total
-------------------------++-------
Melee: Unarmed           ||    11
       Kick              ||     6
       Headbutt          ||     2
 Cast: Beastly Appendage ||     3
Armor: Robe              ||     1
Dodge: Dodged            ||    11

Levels and vault maps discovered:
D:1:      psy_arrival_terrarium, layout_loops_corners,
          hangedman_abyss_or_decor_stabs, chequers_serial_rivers_marsh,
          lexackson_kobold_supper

Notes
Turn   | Place    | Note
-------+----------+-------------------------------------------
     0 | D:1      | spiderkeys the Demonspawn Transmuter began the quest for
                  | the Orb.
     0 | D:1      | Reached XP level 1. HP: 15/15 MP: 3/3
     0 | D:1      | magus.rc [v1.9.10]
   154 | D:1      | You pick up a book of Maledictions and begin reading...
   154 | D:1      | You add the spells Corona, Ensorcelled Hibernation,
                  | Confusing Touch, Tukima's Dance and Dazzling Flash to your
                  | library.
   284 | D:1      | HP: 3/15 [kobold/stone (1)]
   289 | D:1      | Slain by a kobold

Vanquished Creatures
  2 ball pythons (D:1)
  3 kobolds (D:1)
5 creatures vanquished.

Vanquished Creatures (others)
  7 plants (D:1)
7 creatures vanquished.

Grand Total: 12 creatures vanquished

Table legend:
 A = Non-vault XP
 B = Vault XP
 C = Vault XP percentage of total XP
 D = Non-vault monster count
 E = Vault monster count
 F = Vault count percentage of total count
                 A         B        C        D         E       F
            +---------+---------+-------+---------+---------+-------
      Total |       3 |       4 |  57.1 |       2 |       3 |  60.0
            +---------+---------+-------+---------+---------+-------
        D:1 |       3 |       4 |  57.1 |       2 |       3 |  60.0
            +---------+---------+-------+---------+---------+-------

Illustrated notes

Table legend:
 A = Kills in this place as a percentage of kills in entire the game.
 B = Kills by you in this place as a percentage of kills by you in the entire game.
 C = Kills by friends in this place as a percentage of kills by friends in the entire game.
 D = Other kills in this place as a percentage of other kills in the entire game.
 E = Experience gained in this place as a percentage of experience gained in the entire game.
 F = Experience gained in this place divided by the number of levels of this place that you have seen.
                   A       B       C       D       E      F
               +-------+-------+-------+-------+-------+----------------------
         Total | 100.0 | 100.0 |   N/A |   N/A | 100.0 |   7.0
       Dungeon | 100.0 | 100.0 |   N/A |   N/A | 100.0 |   7.0
               +-------+-------+-------+-------+-------+----------------------

Table legend: (Time is in decaauts)
 A = Elapsed time spent in this place.
 B = Non-inter-level travel time spent in this place.
 C = Inter-level travel time spent in this place.
 D = Time resting spent in this place.
 E = Time spent auto-exploring this place.
 F = Levels seen in this place.
 G = Mean time per level.
                   A        B        C        D        E       F      G
               +--------+--------+--------+--------+--------+-----+--------+
         Total |    288 |    288 |      0 |      0 |    258 |   1 |  288.0 |
       Dungeon |    288 |    288 |      0 |      0 |    258 |   1 |  288.0 |
               +--------+--------+--------+--------+--------+-----+--------+

Top non-repeatable levels by time:
     D:1: 288 daAuts
